 Dungeon Crawl Stone Soup version 0.29.1-15-g9cfb28693d (webtiles) character file.

Game seed: 3338139264103314359

19766 BuddhaDhamma the Executioner (level 12, -3/90 HPs)
             Began as a Minotaur Berserker on Mar 9, 2023.
             Was a High Priest of Trog.
             Slain by an 11-headed hydra (7 damage)
             ... on level 13 of the Dungeon.
             The game lasted 00:26:27 (10889 turns).

BuddhaDhamma the Executioner (Minotaur Berserker)  Turns: 10889, Time: 00:26:28

Health: -3/90      AC: 20    Str: 36    XL:     12   Next: 39%
Magic:  11/11      EV:  8    Int:  4    God:    Trog [*****.]
Gold:   978        SH:  0    Dex: 10    Spells: 11/11 levels left

rFire   . . .      SeeInvis .   H - +2 battleaxe (drain)
rCold   + . .      Faith    .   (shield currently unavailable)
rNeg    . . .      Spirit   .   r - +0 plate armour
rPois   .          Reflect  .   C - +0 hat
rElec   .          Harm     .   i - +1 cloak {rCorr}
rCorr   +          Rampage  +   (no gloves)
Will    .....                   x - +2 pair of boots of Baldness {Rampage rC+ Will- Str+3}
Stlth   ..........              j - amulet of regeneration
HPRegen 1.05/turn               v - +4 ring of protection
MPRegen 0.12/turn               a - +6 ring of strength

@: on berserk cooldown, slowed, very slow
A: horns 2, retaliatory headbutt
a: Renounce Religion, Berserk, Trog's Hand, Brothers in Arms


You were on level 13 of the Dungeon.
You worshipped Trog.
Trog was extremely pleased with you.
You visited 1 branch of the dungeon, and saw 13 of its levels.

You collected 978 gold pieces.

Inventory:

Hand Weapons
 H - a +2 battleaxe of draining (weapon)
Missiles
 p - 2 throwing nets (quivered)
Armour
 i - a +1 cloak of preservation (worn)
 r - a +0 plate armour (worn)
 x - the +2 pair of boots of Baldness (worn) {Rampage rC+ Will- Str+3}
   (You acquired it on level 5 of the Dungeon)

   Str:       It affects your strength (+3).
   rC:        It protects you from cold.
   Rampage:   It bestows one free step when moving towards enemies.
   Will:      It decreases your willpower.
 C - a +0 hat (worn)
Jewellery
 a - a +6 ring of strength (right hand)
 b - a +4 ring of evasion
 j - an amulet of regeneration (around neck)
 q - a ring of ice
 v - a +4 ring of protection (left hand)
 A - an amulet of magic regeneration
 B - a ring of protection from fire
 E - an amulet of reflection
Wands
 h - a wand of light (3)
 k - a wand of flame (21)
 m - a wand of digging (10)
 y - a wand of roots (8)
Scrolls
 c - 11 scrolls of teleportation
 o - 3 scrolls of enchant weapon
 s - 2 scrolls of butterflies
 z - 2 scrolls of blinking
Potions
 d - 3 potions of lignification
 e - 3 potions of flight
 f - a potion of resistance {unknown}
 g - 2 potions of might
 l - a potion of invisibility
 n - 4 potions of haste
 t - 4 potions of curing
 u - a potion of ambrosia {unknown}
 w - 4 potions of mutation {unknown}
 G - 2 potions of heal wounds


   Skills:
 - Level 3.6 Fighting
 + Level 23.5 Axes
 - Level 2.4 Armour
 - Level 2.1 Dodging


You had 11 spell levels left.
You didn't know any spells.
Your spell library was empty.

Dungeon Overview and Level Annotations

Branches:
Dungeon (13/15)            Temple (0/1) D:7            Lair (0/5) D:8
    Orc (0/2) D:10
 Vaults: D:13-14

Altars:
Ashenzari
Elyvilon
Fedhas
Okawaru
Qazlal
Sif Muna
Uskayaw
Vehumet
Xom
Zin
The Shining One

Shops:
D:4 (   D:7 !

Portals:
Trove: D:11 (give 7 scrolls of butterflies)

Annotations:
Abyss:1 Natasha


Innate Abilities, Weirdness & Mutations

You have a pair of horns on your head.
You reflexively headbutt those who attack you in melee.


Message History

* * * LOW HITPOINT WARNING * * *
The nine-headed hydra barely misses you.
The nine-headed hydra bites you but does no damage.
The nine-headed hydra bites you.
* * * LOW HITPOINT WARNING * * *
The nine-headed hydra bites you but does no damage.
The nine-headed hydra bites you.
* * * LOW HITPOINT WARNING * * *
You hack one of the nine-headed hydra's heads off!
The eight-headed hydra grows two more!
You slice the ten-headed hydra!! You drain the ten-headed hydra!
You headbutt the ten-headed hydra, but do no damage.
The ten-headed hydra is heavily wounded.
The ten-headed hydra bites you.
* * * LOW HITPOINT WARNING * * *
The ten-headed hydra bites you.
* * * LOW HITPOINT WARNING * * *
The ten-headed hydra bites you but does no damage.
The ten-headed hydra bites you.
* * * LOW HITPOINT WARNING * * *
The ten-headed hydra bites you.
* * * LOW HITPOINT WARNING * * *
The ten-headed hydra bites you but does no damage. x3
The ten-headed hydra bites you.
* * * LOW HITPOINT WARNING * * *
The ten-headed hydra bites you but does no damage.
You lop one of the ten-headed hydra's heads off!
The nine-headed hydra grows two more!
You slash the 11-headed hydra! You drain the 11-headed hydra.
Your headbutt misses the 11-headed hydra.
The 11-headed hydra is severely wounded.
The 11-headed hydra closely misses you. You furiously retaliate!
You headbutt the 11-headed hydra.
The 11-headed hydra bites you but does no damage.
The 11-headed hydra barely misses you.
The 11-headed hydra bites you but does no damage. x2
The 11-headed hydra barely misses you.
The 11-headed hydra bites you but does no damage. x4
The 11-headed hydra bites you!
You die...

#. # ###. .## #...#
#..## +....#####....#
#....†..# #...†...#
#####.### #D# #@# ###.#
#...# ###.#####
#.......# #.......#
#.........##############
###.....................
#.......##############


You could see a 11-headed hydra (drained).

Vanquished Creatures
  A very ugly thing (D:13)
  Harold (D:10)
  Erolcha (D:9)
  3 boulder beetles (D:12)
  A vault guard (D:11)
  2 two-headed ogres
  2 ugly things
  3 cyclopes
  A manticore (D:10)
  Maurice (D:11)
  An unseen horror (D:10)
  3 hornets
  3 trolls
  A shadow (D:11)
  4 wyverns
  13 yaks
  A basilisk (D:8)
  3 steam dragons
  7 vampire mosquitoes
  4 water moccasins
  Duvessa (D:4)
  An acid dragon (D:9)
  11 orc warriors
  3 sky beasts
  3 black bears
  An ice beast (D:7)
  7 centaurs
  6 ogres
  2 phantoms (D:5)
  2 kobold brigands
  A bullfrog (D:7)
  4 necrophages
  4 scorpions
  5 wights (D:7)
  Dowan (D:4)
  3 killer bees (D:7)
  5 howler monkeys
  Crazy Yiuf (D:4)
  5 hounds
  2 gnoll boudas
  12 orc priests
  A jelly (D:5)
  3 iguanas
  12 orc wizards
  Natasha (D:4)
  13 gnolls
  8 adders
  2 ufetubi
  3 worms
  3 dart slugs
  47 orcs
  7 endoplasms
  2 giant cockroaches (D:4)
  2 goblins (D:2)
  6 hobgoblins
  8 jackals
  12 kobolds
  6 quokkas
  9 ball pythons
  5 bats
  7 frilled lizards
  10 rats
  A butterfly (D:8)
304 creatures vanquished.

Vanquished Creatures (others)
  2 fungi (D:8)
  5 plants (D:8)
7 creatures vanquished.

Grand Total: 311 creatures vanquished

Notes
Turn   | Place    | Note
-------+----------+-------------------------------------------
     0 | D:1      | BuddhaDhamma the Minotaur Berserker began the quest for the
                  | Orb.
     0 | D:1      | Reached XP level 1. HP: 19/19 MP: 0/0
   219 | D:1      | Reached skill level 4 in Axes
   222 | D:1      | Reached XP level 2. HP: 14/26 MP: 1/1
  1355 | D:2      | Reached skill level 5 in Axes
  1365 | D:2      | Reached XP level 3. HP: 26/31 MP: 2/2
  1417 | D:2      | Reached ** piety under Trog
  1785 | D:2      | Found a faded altar of an unknown god.
  1886 | D:2      | Reached skill level 6 in Axes
  1886 | D:2      | Reached XP level 4. HP: 39/39 MP: 3/3
  2326 | D:3      | Reached skill level 7 in Axes
  2326 | D:3      | Reached XP level 5. HP: 29/45 MP: 4/4
  2463 | D:3      | Reached *** piety under Trog
  2584 | D:3      | Noticed an ogre
  2592 | D:3      | Killed an ogre
  2593 | D:3      | Reached skill level 8 in Axes
  2593 | D:3      | Reached XP level 6. HP: 51/51 MP: 5/5
  2799 | D:3      | Found a broken altar of Ashenzari.
  2943 | D:4      | Noticed Duvessa
  2954 | D:4      | Killed Duvessa
  2955 | D:4      | Reached skill level 9 in Axes
  2955 | D:4      | Noticed Dowan
  2962 | D:4      | Killed Dowan
  3021 | D:4      | Noticed Natasha
  3030 | D:4      | Killed Natasha
  3060 | D:4      | Reached XP level 7. HP: 54/57 MP: 6/6
  3064 | D:4      | Reached skill level 10 in Axes
  3240 | D:4      | Found Wuiz's Antique Weapon Emporium.
  3244 | D:4      | Noticed Natasha
  3251 | D:4      | Banished Natasha
  3428 | D:4      | Found a runed translucent door.
  3429 | D:4      | Noticed Crazy Yiuf
  3437 | D:4      | Killed Crazy Yiuf
  3517 | D:4      | Reached skill level 11 in Axes
  3804 | D:5      | Entered Level 5 of the Dungeon
  3815 | D:5      | Reached XP level 8. HP: 61/64 MP: 7/7
  3856 | D:5      | Found a hide-covered altar of Uskayaw.
  3966 | D:5      | Found a blossoming altar of Fedhas.
  3970 | D:5      | Found a radiant altar of Vehumet.
  3975 | D:5      | Found an iron altar of Okawaru.
  4122 | D:5      | Reached skill level 12 in Axes
  4237 | D:5      | Reached **** piety under Trog
  4555 | D:5      | Reached skill level 13 in Axes
  4662 | D:5      | Identified a scroll of acquirement
  4662 | D:5      | Acquired the +2 pair of boots of Baldness {Rampage rC+
                  | Will- Str+3}
  5064 | D:6      | Found a glowing silver altar of Zin.
  5064 | D:6      | Noticed an angel
  5296 | D:7      | Found Otaim's Distillery.
  5347 | D:7      | Reached skill level 14 in Axes
  5402 | D:7      | Reached XP level 9. HP: 66/70 MP: 8/8
  5539 | D:7      | Reached skill level 15 in Axes
  5718 | D:7      | Found a shimmering blue altar of Sif Muna.
  5795 | D:7      | Found a staircase to the Ecumenical Temple.
  5845 | D:7      | Reached skill level 16 in Axes
  5855 | D:7      | Found a glowing golden altar of the Shining One.
  6241 | D:8      | Reached ***** piety under Trog
  6248 | D:8      | Reached skill level 17 in Axes
  6251 | D:8      | Reached XP level 10. HP: 77/77 MP: 9/9
  6363 | D:8      | Found a staircase to the Lair.
  6390 | D:8      | Found a shimmering altar of Xom.
  6578 | D:8      | Reached skill level 18 in Axes
  7197 | D:9      | Found a white marble altar of Elyvilon.
  7230 | D:9      | Noticed Erolcha
  7240 | D:9      | Killed Erolcha
  7241 | D:9      | Reached skill level 19 in Axes
  7603 | D:9      | Found a stormy altar of Qazlal.
  7770 | D:10     | Entered Level 10 of the Dungeon
  7959 | D:10     | Noticed a manticore
  8018 | D:10     | Found a staircase to the Orcish Mines.
  8027 | D:10     | Reached XP level 11. HP: 66/82 MP: 10/10
  8149 | D:10     | Reached skill level 20 in Axes
  8591 | D:10     | Noticed Harold
  8612 | D:10     | Killed Harold
  8812 | D:11     | Noticed Maurice
  8831 | D:11     | Killed Maurice
  8832 | D:11     | Reached skill level 21 in Axes
  9550 | D:11     | Noticed a vault guard
  9561 | D:11     | Killed a vault guard
  9585 | D:11     | Found a portal to a secret trove of treasure.
  9732 | D:12     | Noticed a boulder beetle
  9749 | D:12     | Killed a boulder beetle
  9823 | D:12     | Reached skill level 22 in Axes
  9918 | D:12     | Noticed a boulder beetle
  9941 | D:12     | Killed a boulder beetle
 10120 | D:12     | Noticed a purple ugly thing
 10136 | D:12     | Killed a purple ugly thing
 10204 | D:12     | Reached XP level 12. HP: 88/90 MP: 11/11
 10237 | D:12     | Noticed a boulder beetle
 10252 | D:12     | Killed a boulder beetle
 10369 | D:12     | Noticed a two-headed ogre
 10377 | D:12     | Killed a two-headed ogre
 10683 | D:13     | Noticed a two-headed ogre
 10688 | D:13     | Killed a two-headed ogre
 10689 | D:13     | Reached skill level 23 in Axes
 10866 | D:13     | Noticed a red very ugly thing
 10878 | D:13     | Killed a red very ugly thing
 10880 | D:13     | Noticed a seven-headed hydra
 10888 | D:13     | HP: 3/90 [ten-headed hydra (4)]
 10889 | D:13     | Slain by an 11-headed hydra

Illustrated notes

Levels and vault maps discovered:
D:1:      dpeg_arrival_ratfight, layout_basic, minmay_misc_feat_rows
D:2:      layout_rooms, hellmonk_ecumenical_altar_arch_garden,
          roderic_serpentine_path, kennysheep_path_1, minmay_tree_intersection,
          minmay_randomly_rotated_circles
D:3:      layout_rooms, lemuel_doored_altar, kennysheep_doodads,
          hangedman_decor_opposing
D:4:      layout_loops_ring, nicolae_take_the_stairs, nrook_campfire,
          uniq_crazy_yiuf_cottage, uniq_natasha, uniq_duvessa
D:5:      layout_basic, nicolae_uskayaw_murder_on_the_dancefloor,
          grunt_temple_overflow_diamond, grunt_ministairs_14,
          small_statue_intersection
D:6:      layout_cave_pools, zin_angel, dk_vineyard_2, minmay_hedge_maze
D:7:      layout_basic, led_sif_pool, nicolae_tso_carved_into_rock,
          minmay_temple_entry_proselytizer, serial_shops,
          nicolae_shop_hallway_plus, hangedman_abyss_or_decor_passed
D:8:      layout_basic, xom_butterflies, minmay_lair_entry_grove
D:9:      layout_gridville, elyvilon_altar_3, nicolae_qazlal_eye_of_the_storm,
          uniq_erolcha
D:10:     layout_roguey, erik_orc_3, uniq_harold
D:11:     layout_basic, enter_trove_5, uniq_maurice
D:12:     nicolae_cairo_tiling_large_dashed, layout_gridville, special_room
          [special_room_orc], serial_bayou_pond_a
D:13:     layout_roguey, portal_ice_cave_entry_pillars_1, serial_shops,
          nicolae_shop_crystal, nicolae_wooded_promenade, minmay_checkerbox,
          uniq_azrael

Skill      XL: |  1  2  3  4  5  6  7  8  9 10 11 12 |
---------------+-------------------------------------+-----
Axes           | 4 5 6 7 8 9 11 14 17 19 22 23 | 23.5
Fighting       | |  3.6
Armour         | |  2.4
Dodging        | |  2.1

Action                   |  1- 3 |  4- 6 |  7- 9 | 10-12 || total
-------------------------+-------+-------+-------+-------++-------
Melee: Hand axe          |   110 |    82 |   189 |       ||   381
       Headbutt          |    10 |     6 |    50 |    97 ||   163
       Punch             |       |     3 |     2 |     7 ||    12
       War axe           |       |       |   103 |   392 ||   495
       Battleaxe         |       |       |       |    41 ||    41
Invok: Berserk           |     1 |     3 |     3 |     9 ||    16
  Use: Scroll            |       |    15 |     9 |     4 ||    28
       Potion            |       |       |       |     5 ||     5
Armor: Animal skin       |    22 |       |       |       ||    22
       Ring mail         |    21 |    34 |    83 |    57 ||   195
       Chain mail        |       |       |       |   122 ||   122
       Plate armour      |       |       |       |    92 ||    92
Dodge: Dodged            |    68 |    52 |   131 |   143 ||   394
